 Dungeon Crawl Stone Soup version 0.27.1 (webtiles) character file.

Game seed: 2823945608166837127

66085 funkygono the Thaumaturge (level 15, -10/82 HPs)
             Began as a Gargoyle Fire Elementalist on Sept 4, 2021.
             Was a High Priest of Vehumet.
             Killed from afar by an efreet (27 damage)
             ... with a bolt of fire
             ... on level 13 of the Dungeon.
             The game lasted 01:21:43 (25863 turns).

funkygono the Thaumaturge (GrFE)                   Turns: 25863, Time: 01:21:44

Health: -10/82     AC: 29    Str: 12    XL:     15   Next: 18%
Magic:  28/41      EV: 13    Int: 22    God:    Vehumet [*****.]
Gold:   1043       SH:  0    Dex: 10    Spells: 13/40 levels left

rFire    . . .     SeeInvis +   J - +6 mace (protect)
rCold    + . .     Faith    .   (no shield)
rNeg     + . .     Spirit   .   R - +1 troll leather armour
rPois    ∞         Reflect  .   u - +2 helmet {SInv}
rElec    +         Harm     .   i - +2 cloak
rCorr    .         Rampage  .   a - +1 pair of gloves "Qulic" {rElec rC+}
Will     +....                  (no boots)
Stlth    ++........             s - amulet of regeneration
HPRegen  2.23/turn              M - ring of magical power
MPRegen  0.27/turn              t - +4 ring of protection

@: mighty, flying, studying Axes
A: sickness immunity, AC +11, big wings, negative energy resistance 1,
electricity resistance, torment resistance 1, petrification resistance
a: Renounce Religion


You were on level 13 of the Dungeon.
You worshipped Vehumet.
Vehumet was extremely pleased with you.
You visited 3 branches of the dungeon, and saw 20 of its levels.
You also visited: Bailey and Gauntlet.

You collected 1901 gold pieces.
You spent 858 gold pieces at shops.

Inventory:

Hand Weapons
 k - a +0 mace of venom
 v - a +2 flail of holy wrath
 F - a +2 whip of freezing
 J - a +6 mace of protection (weapon)
Missiles
 g - 570 stones
Armour
 a - the +1 pair of gloves "Qulic" (worn) {rElec rC+}
   (You found it on level 2 of the Lair of Beasts)

   rC:        It protects you from cold.
   rElec:     It insulates you from electricity.
 e - a +2 helmet
 f - a scarf of resistance
 i - a +2 cloak (worn)
 u - a +2 helmet of see invisible (worn)
 x - a +0 cloak
 R - a +1 troll leather armour (worn)
Jewellery
 b - the amulet "Velimp Jitui" {Drain Fly rElec Regen+ Dex+2}
   (You found it in a Gauntlet)

   [amulet of regeneration]

   Dex:       It affects your dexterity (+2).
   rElec:     It insulates you from electricity.
   Fly:       It grants you flight.
   Regen:     It increases your rate of health regeneration.
   Drain:     It drains your maximum health when unequipped.
 h - a +4 ring of evasion
 n - the ring of Prescription {rElec Str+6}
   (You found it in a Gauntlet)

   [ring of strength]

   Str:       It affects your strength (+6).
   rElec:     It insulates you from electricity.
 r - a ring of magical power
 s - an amulet of regeneration (around neck)
 t - a +4 ring of protection (right hand)
 w - a +6 ring of dexterity
 I - a ring of protection from cold
 M - a ring of magical power (left hand)
Wands
 c - a wand of iceblast (16)
 E - a wand of paralysis (7)
 K - a wand of flame (20)
 P - a wand of acid (18)
Scrolls
 d - 12 scrolls of teleportation
 m - 4 scrolls of identify
 y - 4 scrolls of fog
 A - a scroll of enchant weapon
 H - a scroll of magic mapping
 O - a scroll of holy word
 Q - 3 scrolls of fear
Potions
 j - 5 potions of brilliance
 l - 4 potions of haste
 o - 2 potions of cancellation
 p - 4 potions of curing
 q - 2 potions of might
 z - 3 potions of mutation


   Skills:
 + Level 5.1 Fighting
 + Level 6.3 Maces & Flails
 + Level 4.6 Armour
 + Level 6.0 Dodging
 - Level 2.1 Stealth
 + Level 13.0 Spellcasting
 + Level 12.7 Conjurations
 + Level 1.7 Transmutations
 + Level 12.8 Fire Magic
 + Level 1.1 Air Magic
 + Level 8.4 Poison Magic


You had 13 spell levels left.
You knew the following spells:

 Your Spells              Type           Power      Damage    Failure   Level
a - Foxfire               Conj/Fire      100%       2x1d9     1%          1
b - Conjure Flame         Conj/Fire      63%        6-21      1%          3
c - Sticky Flame          Conj/Fire      63%        2d8       1%          4
d - Fireball              Conj/Fire      31%        3d13      1%          5
e - Shock                 Conj/Air       100%       1d9       1%          1
f - Olgreb's Toxic Radia  Pois           51%        N/A       1%          4
g - Ignite Poison         Fire/Tmut/Pois 48%        N/A       1%          3
h - Starburst             Conj/Fire      31%        6d10      1%          6

Your spell library contained the following spells:

 Spells                   Type           Power      Damage    Failure   Level
 Freeze                   Ice            56%        1d7       1%          1
 Inner Flame              Hex/Fire       42%        N/A       1%          3
 Hailstorm                Conj/Ice       42%        3d10      1%          4
 Irradiate                Conj/Tmut      23%        3d21      2%          5
 Frozen Ramparts          Ice            28%        1d4       4%          3
 Slow                     Hex            14%        N/A       9%          2
 Confusing Touch          Hex            14%        N/A       17%         3
 Yara's Violent Unravell  Hex/Tmut       9%         3d6       28%         5
 Petrify                  Tmut/Erth      18%        N/A       36%         4
 Sublimation of Blood     Necr           Unusable   N/A       N/A         2

Dungeon Overview and Level Annotations

Branches:
Dungeon (14/15)            Temple (1/1) D:4            Lair (5/6) D:9
 Shoals (0/4) Lair:4        Snake (0/4) Lair:3          Orc (0/2) D:12
 Bailey (visited)         Gauntlet (visited)
  Slime: Lair:5-6    Vaults: D:13-14

Altars:
Ashenzari
Cheibriados
Dithmenos
Elyvilon
Fedhas
Gozag
Hepliaklqana
Kikubaaqudgha
Makhleb
Nemelex Xobeh
Okawaru
Qazlal
Ru
Sif Muna
Trog
Uskayaw
Vehumet
Wu Jian
Xom
Yredelemnul
Zin
The Shining One

Shops:
D:6 :   D:7 =


Innate Abilities, Weirdness & Mutations

You are immune to sickness and miasma.
Your stone body is resilient. (AC +11)
You are immune to poison.
Your large and strong wings let you fly.
You resist negative energy. (rN+)
You are resistant to electric shocks. (rElec)
You are resistant to unholy torment.
You are immune to petrification.


Message History

The centaur warrior hits you!
The centaur warrior kicks you but does no damage.
You sock the centaur warrior!
Your weapon exudes an aura of protection.
You kill the centaur warrior!
Vehumet accepts your kill.
Your Spellcasting skill increases to level 13!
Things that are here:
a +0 longbow; 23 arrows; a centaur corpse
Casting: Sticky Flame (safe; 1% risk of failure)
Confirm with . or Enter, or press ? or * to list all spells.
You can't see any susceptible monsters within range! (Use Z to cast anyway.)
Casting: Foxfire (safe; 1% risk of failure)
Press: ? - help, Q - select action, (/) - cycle Dir - look around, f - activate
Okay, then.
Casting: Foxfire (safe; 1% risk of failure)
Confirm with . or Enter, or press ? or * to list all spells.
You begin to radiate toxic energy.
The efreet gestures at you.
The fireball explodes!
The fireball engulfs you!
Unknown command.
Unknown command.
Casting: Olgreb's Toxic Radiance (mildly dangerous; 1% risk of failure)
Confirm with . or Enter, or press ? or * to list all spells.
Your toxic radiance grows in intensity.
The efreet gestures at you.
The fireball explodes!
The fireball engulfs you!!
* * * LOW HITPOINT WARNING * * *
Unknown command.
The efreet hits you with a +1 scimitar of flaming!
* * * LOW HITPOINT WARNING * * *
The efreet burns you.
* * * LOW HITPOINT WARNING * * *
You feel very mighty all of a sudden.
Your toxic aura wanes.
The efreet closely misses you.
Unknown command.
You barely miss the efreet. The efreet gestures at you.
The bolt of fire hits you!!
You die...

.. ..... .....
#.....
######......
#####.(>.......#
#......)........
...###..).......
# #..@R).....
#..........
##)........
#.)..)....
##........
#........
##.......
.......


You could see an efreet.

Vanquished Creatures
  A minotaur (Gauntlet)
  A green death (Gauntlet)
  A great orb of eyes (Gauntlet)
  Harold (D:7)
  3 boulder beetles
  An ice dragon (Lair:5)
  2 centaur warriors (D:13)
  An ogre mage (D:11)
  6 hydras
  8 two-headed ogres
  A tengu warrior (D:11)
  A lindwurm (Lair:5)
  2 deep elf pyromancers (D:12)
  3 ugly things
  Pikel (D:7)
  2 manticores
  2 slime creatures (D:12)
  3 cyclopes (D:11)
  4 oklob plants (Lair:1)
  8 elephants (Lair:5)
  2 black mambas
  5 cane toads
  2 unseen horrors
  A gargoyle (D:7)
  A freezing wraith (D:11)
  3 kobold demonologists
  2 orange demons (Gauntlet)
  A rime drake (Lair:5)
  7 komodo dragons
  6 trolls
  3 polar bears
  A hornet (D:7)
  22 blink frogs
  11 dream sheep
  Grinder (D:6)
  A meliai zombie (D:11)
  5 shadows
  2 water elementals (D:12)
  3 wraiths
  A vampire (D:12)
  55 yaks
  11 wyverns
  9 basilisks
  4 steam dragons
  Grum (D:11)
  3 vampire mosquitoes
  3 two-headed ogre zombies (D:12)
  A naga (Lair:3)
  11 water moccasins
  16 orc warriors
  3 ogres
  A necrophage (D:6)
  20 centaurs
  7 wolves
  2 lemures (D:6)
  2 phantoms
  3 gnoll sergeants
  4 scorpions
  9 bullfrogs
  A water moccasin zombie (D:5)
  A water moccasin skeleton (D:5)
  A killer bee (D:11)
  9 wights
  A howler monkey (D:11)
  8 electric eels
  5 centaur zombies
  2 jellies
  4 orc priests
  2 bullfrog skeletons
  3 hounds
  Crazy Yiuf (D:6)
  2 centaur skeletons (D:7)
  2 gnoll shamans
  5 iguanas
  Terence (D:3)
  Jessica (D:2)
  14 orc wizards
  14 hell rats
  A killer bee zombie (D:9)
  5 ogre zombies (D:12)
  4 howler monkey zombies
  Robin (D:2)
  A howler monkey skeleton (D:5)
  25 gnolls
  6 adders
  4 white imps
  An ufetubus (D:5)
  An adder skeleton (D:4)
  A worm (D:4)
  3 dart slugs
  56 orcs
  11 ball pythons
  10 endoplasms
  3 giant cockroaches
  19 goblins
  10 hobgoblins
  4 quokkas
  6 bats
  5 frilled lizards
  A goblin skeleton (D:12)
  5 goblin zombies (D:12)
  2 hobgoblin skeletons (D:12)
  7 hobgoblin zombies (D:12)
  6 kobolds
  10 orc zombies (D:12)
  6 rats
588 creatures vanquished.

Vanquished Creatures (collateral kills)
  32 foxfires
32 creatures vanquished.

Vanquished Creatures (others)
  1994 foxfires
  21 fungi
  107 plants
2122 creatures vanquished.

Grand Total: 2742 creatures vanquished

Notes
Turn   | Place    | Note
-------+----------+-------------------------------------------
     0 | D:1      | funkygono the Gargoyle Fire Elementalist began the quest
                  | for the Orb.
     0 | D:1      | Reached XP level 1. HP: 10/10 MP: 3/3
    16 | D:1      | Found a faded altar of an unknown god.
   375 | D:1      | Reached XP level 2. HP: 15/15 MP: 3/5
  1176 | D:1      | Reached XP level 3. HP: 19/19 MP: 1/6
  1511 | D:2      | Found a shimmering altar of Xom.
  1536 | D:2      | Learned a level 3 spell: Conjure Flame
  1636 | D:2      | Noticed Jessica
  1651 | D:2      | Killed Jessica
  1652 | D:2      | Reached XP level 4. HP: 24/24 MP: 0/7
  2080 | D:2      | Reached XP level 5. HP: 20/28 MP: 4/8
  2992 | D:2      | Noticed Robin
  3005 | D:2      | Killed Robin
  3202 | D:2      | Learned a level 4 spell: Sticky Flame
  3494 | D:3      | Noticed Terence
  3500 | D:3      | Killed Terence
  3501 | D:3      | Reached skill level 3 in Spellcasting
  3501 | D:3      | Reached XP level 6. HP: 32/32 MP: 2/10
  4077 | D:3      | Reached skill level 5 in Fire Magic
  4449 | D:3      | Reached skill level 1 in Maces & Flails
  4622 | D:4      | Identified the +1 robe "Viothrin" {rF- rC+ Str+4}
  4705 | D:4      | Found a staircase to the Ecumenical Temple.
  4741 | D:4      | Reached XP level 7. HP: 36/36 MP: 6/12
  4749 | D:4      | Learned a level 5 spell: Fireball
  4819 | Temple   | Entered the Ecumenical Temple
  4894 | Temple   | Became a worshipper of Vehumet
  5324 | D:4      | Reached skill level 4 in Spellcasting
  6002 | D:5      | Entered Level 5 of the Dungeon
  6067 | D:5      | Reached skill level 5 in Conjurations
  6124 | D:5      | Reached XP level 8. HP: 41/41 MP: 9/14
  6537 | D:5      | Reached skill level 5 in Spellcasting
  6688 | D:5      | Reached * piety under Vehumet
  6688 | D:5      | Offered knowledge of Freeze by Vehumet.
  7940 | D:6      | Found Pot Fetz's Self-Improvement Boutique.
  7950 | D:6      | Reached XP level 9. HP: 46/46 MP: 13/17
  8052 | D:6      | Found a runed translucent door.
  8053 | D:6      | Noticed Crazy Yiuf
  8074 | D:6      | Killed Crazy Yiuf
  8172 | D:6      | Noticed Grinder
  8186 | D:6      | Killed Grinder
  8187 | D:6      | Reached skill level 6 in Spellcasting
  8890 | D:7      | Reached skill level 1 in Fighting
  9052 | D:7      | Reached ** piety under Vehumet
  9077 | D:7      | Found Ystry's Jewellery Boutique.
  9171 | D:7      | Noticed Harold
  9191 | D:7      | Killed Harold
  9191 | D:7      | Offered knowledge of Shock by Vehumet.
  9192 | D:7      | Reached skill level 7 in Spellcasting
  9336 | D:7      | Noticed Pikel
  9452 | D:7      | Killed Pikel
  9453 | D:7      | Reached XP level 10. HP: 47/52 MP: 16/21
  9549 | D:7      | Noticed a gargoyle
  9549 | D:7      | Found the +5 demon whip "Spellbinder" {antimagic, Will+}
  9708 | D:7      | Killed a gargoyle
 10183 | D:7      | Learned a level 1 spell: Shock
 10254 | D:7      | Noticed a boulder beetle
 10281 | D:7      | Killed a boulder beetle
 10282 | D:7      | Reached skill level 8 in Spellcasting
 11084 | D:8      | Found a shadowy altar of Dithmenos.
 11084 | D:8      | Found a snail-covered altar of Cheibriados.
 11086 | D:8      | Found a glowing silver altar of Zin.
 11097 | D:8      | Found a shimmering altar of Xom.
 11724 | D:9      | Noticed a two-headed ogre
 11733 | D:9      | Killed a two-headed ogre
 11734 | D:9      | Reached XP level 11. HP: 58/58 MP: 17/23
 11987 | D:9      | Offered knowledge of Ignite Poison by Vehumet.
 12225 | D:9      | Reached skill level 10 in Conjurations
 12274 | D:9      | Reached skill level 9 in Spellcasting
 12274 | D:9      | Reached *** piety under Vehumet
 12348 | D:9      | Reached skill level 10 in Fire Magic
 12685 | D:9      | Found a staircase to the Lair.
 13041 | D:9      | Learned a level 3 spell: Ignite Poison
 13268 | Lair:1   | Entered Level 1 of the Lair of Beasts
 13313 | Lair:1   | Offered knowledge of Iskenderun's Mystic Blast by Vehumet.
 13314 | Lair:1   | Reached skill level 1 in Air Magic
 13605 | Lair:1   | Reached skill level 1 in Armour
 13975 | Lair:1   | Noticed an oklob plant
 14241 | Lair:1   | Killed an oklob plant
 14312 | Lair:1   | Noticed an oklob plant
 14452 | Lair:1   | Killed an oklob plant
 14542 | Lair:1   | Noticed an oklob plant
 14550 | Lair:1   | Killed an oklob plant
 14551 | Lair:1   | Reached skill level 10 in Spellcasting
 14551 | Lair:1   | Reached XP level 12. HP: 64/64 MP: 3/26
 15081 | Lair:1   | Identified a scroll of acquirement
 15081 | Lair:1   | Acquired 581 gold pieces
 15202 | D:7      | Bought an amulet of regeneration for 390 gold pieces
 15202 | D:7      | Bought a +4 ring of protection for 468 gold pieces
 15748 | Lair:2   | Identified the +1 pair of gloves "Qulic" {rElec rC+}
 15968 | Lair:2   | Reached **** piety under Vehumet
 16513 | Lair:3   | Found a staircase to the Snake Pit.
 16718 | Lair:3   | Offered knowledge of Hailstorm by Vehumet.
 17064 | Lair:3   | Noticed an eight-headed hydra
 17077 | Lair:3   | Killed an eight-headed hydra
 17773 | Lair:4   | Noticed an eight-headed hydra
 17777 | Lair:4   | Reached XP level 13. HP: 56/70 MP: 18/27
 17795 | Lair:4   | Reached skill level 11 in Spellcasting
 17811 | Lair:4   | Reached skill level 5 in Maces & Flails
 18228 | Lair:4   | Found a staircase to the Shoals.
 18802 | Lair:4   | Reached skill level 5 in Dodging
 19163 | Lair:4   | Reached ***** piety under Vehumet
 19163 | Lair:4   | Offered knowledge of Olgreb's Toxic Radiance by Vehumet.
 19170 | Lair:4   | Learned a level 4 spell: Olgreb's Toxic Radiance
 19219 | Lair:4   | Reached skill level 1 in Poison Magic
 19949 | Lair:5   | Noticed an ice dragon
 19966 | Lair:5   | Killed an ice dragon
 20796 | D:10     | Entered Level 10 of the Dungeon
 20802 | D:10     | Gained mutation: Your large and strong wings let you fly.
                  | [Gargoyle growth]
 20802 | D:10     | Reached XP level 14. HP: 72/76 MP: 29/29
 21114 | D:10     | Reached skill level 5 in Poison Magic
 21477 | D:10     | Reached skill level 12 in Spellcasting
 22074 | D:11     | Found a flagged portal.
 22098 | Bailey   | Entered a bailey
 22149 | Bailey   | Offered knowledge of Starburst by Vehumet.
 23287 | D:11     | Reached skill level 5 in Fighting
 23448 | D:11     | Reached skill level 1 in Transmutations
 23655 | D:11     | Noticed Grum
 23657 | D:11     | Killed Grum
 24095 | D:11     | Learned a level 6 spell: Starburst
 24294 | D:12     | Found a staircase to the Orcish Mines.
 24530 | D:12     | Found a gate leading to a gauntlet.
 24539 | Gauntlet | Entered a Gauntlet
 24539 | Gauntlet | Found a large runed translucent door.
 24539 | Gauntlet | Found a large runed translucent door.
 24539 | Gauntlet | Found a large runed translucent door.
 24539 | Gauntlet | Found a large runed translucent door.
 24539 | Gauntlet | Found a runed translucent door.
 24539 | Gauntlet | Found a large runed translucent door.
 24539 | Gauntlet | Found a large runed translucent door.
 24539 | Gauntlet | Found a transporter.
 24539 | Gauntlet | Found a transporter.
 24539 | Gauntlet | Found a large runed translucent door.
 24539 | Gauntlet | Found a large runed translucent door.
 24539 | Gauntlet | Found a runed translucent gate.
 24539 | Gauntlet | Found a runed translucent gate.
 24539 | Gauntlet | Found a transporter.
 24545 | Gauntlet | Found a transporter.
 24546 | Gauntlet | Found a transporter.
 24560 | Gauntlet | Found a runed translucent gate.
 24560 | Gauntlet | Found a runed translucent door.
 24564 | Gauntlet | Found a large runed translucent door.
 24564 | Gauntlet | Found a large runed translucent door.
 24565 | Gauntlet | Found a large runed translucent door.
 24566 | Gauntlet | Found a large runed translucent door.
 24570 | Gauntlet | Found a transporter.
 24576 | Gauntlet | Found a transporter.
 24576 | Gauntlet | Found a large runed translucent door.
 24576 | Gauntlet | Found a large runed translucent door.
 24577 | Gauntlet | Found a large runed translucent door.
 24582 | Gauntlet | Found a transporter.
 24588 | Gauntlet | Found a transporter.
 24591 | Gauntlet | Found a transporter.
 24607 | Gauntlet | Found a transporter.
 24722 | Gauntlet | Found a transporter.
 24745 | Gauntlet | Found a large runed translucent door.
 24942 | Gauntlet | Identified the ring of Prescription {rElec Str+6}
 25070 | Gauntlet | Reached XP level 15. HP: 82/82 MP: 31/31
 25296 | Gauntlet | Identified the amulet "Velimp Jitui" {Drain Fly rElec
                  | Regen+ Dex+2}
 25843 | D:12     | You are sucked into a shaft and drop 2 floors!
 25857 | D:13     | Reached skill level 13 in Spellcasting
 25863 | D:13     | Killed from afar by an efreet

Illustrated notes

Levels and vault maps discovered:
D:1:      dpeg_arrival_renting, layout_basic,
          hellmonk_ecumenical_altar_heavens_door
D:2:      layout_loops_ring, basic_altar, grunt_decor_mini_mirrors,
          uniq_jessica, uniq_robin
D:3:      layout_loops_corners, st_stairs_10, uniq_terence
D:4:      layout_basic, minmay_temple_entry_junction_2
D:5:      layout_gridville, minmay_misc_feat_rugged, item_on_display_a
D:6:      layout_basic, grunt_ministairs_8, nicolae_shop_self_help,
          uniq_grinder, uniq_crazy_yiuf_cottage
D:7:      minmay_the_grid_triangle_9x9_recursive_2
          [minmay_the_grid_triangle_9x9_prize_center,
          minmay_the_grid_triangle_9x9_descending_squares,
          minmay_the_grid_triangle_9x9_empty,
          minmay_the_grid_triangle_9x9_longest], layout_rooms, serial_shops,
          kennysheep_little_box, minmay_misc_feat_iff, uniq_pikel, uniq_harold
D:8:      layout_basic, nicolae_overflow_quartered_altars
D:9:      layout_long_grid, lair_entry_dummy, serial_rivers,
          chequers_serial_rivers_micro_e, chequers_serial_rivers_large_a,
          chequers_serial_rivers_marsh, chequers_serial_rivers_micro_d,
          chequers_serial_rivers_micro_d, chequers_serial_rivers_small_3
D:10:     layout_rooms, kennysheep_generic_room_6
D:11:     nzn_winding_woodlands_medium [nzn_winding_woodlands_5x5_perimeter,
          nzn_winding_woodlands_5x15_jagged, nzn_winding_woodlands_5x5_three,
          nzn_winding_woodlands_5x5_closed_star,
          nzn_winding_woodlands_center_garden,
          nzn_winding_woodlands_5x5_checkerboard,
          nzn_winding_woodlands_5x5_open_star, nzn_winding_woodlands_5x15_pool,
          nzn_winding_woodlands_5x5_default], layout_basic, enter_bailey_5,
          uniq_grum
D:12:     layout_basic, zombieorc2_lemuel, gauntlet_entry_generic
D:13:     layout_cave_pods, erik_vaults_2, tso_oasis_becter
D:14:     layout_rooms, serial_shops, shop, chequers_serial_rivers_room_a
Temple:   eino_narrow_crystal_temple
Lair:1:   minmay_lair_oklob_tunnel, layout_gridlike,
          chequers_serial_rivers_room_b, infiniplex_staircase_pool
Lair:2:   layout_regular_city
Lair:3:   layout_hall_layers, guppyfry_snake_entry_island, serial_bayou,
          serial_bayou_pond_e, serial_bayou_lagoon_a, serial_bayou_pond_c,
          serial_bayou_pond_a
Lair:4:   layout_concentric_octagons, shoals_dummy_entry, special_room
          [special_room_mythical_zoo]
Lair:5:   layout_gridlike, bobbens_ice_dragon_lair, lemuel_fruit_fields,
          infiniplex_staircase_pool_2

Skill      XL: |  1  2  3  4  5  6  7  8  9 10 11 12 13 14 15 |
---------------+----------------------------------------------+-----
Fire Magic     | 4 5 6 7 8 9 10 11 12 | 12.8
Conjurations   | 2 3 4 5 6 8 9 10 11 12 | 12.7
Spellcasting   | 3 4 5 7 8 10 11 12 13 | 13.0
Maces & Flails | 1 2 3 4 5 6 |  6.3
Dodging        | 2 3 4 5 6 |  6.0
Fighting       | 1 2 3 4 5 |  5.1
Air Magic      | 1 |  1.1
Armour         | 2 3 4 |  4.6
Poison Magic   | 4 8 |  8.4
Transmutations | 1 |  1.7
Stealth        | |  2.1

Action                   |  1- 3 |  4- 6 |  7- 9 | 10-12 | 13-15 || total
-------------------------+-------+-------+-------+-------+-------++-------
Melee: Unarmed           |     4 |       |       |       |       ||     4
       Club              |     1 |       |       |       |       ||     1
       Mace              |       |    34 |    58 |   170 |   352 ||   614
       Whip              |       |       |       |     2 |       ||     2
 Cast: Foxfire           |    48 |   118 |   235 |   407 |   358 ||  1166
       Sticky Flame      |       |       |     5 |    46 |    86 ||   137
       Shock             |       |       |       |    38 |       ||    38
       Conjure Flame     |       |       |       |     3 |     1 ||     4
       Fireball          |       |       |       |    45 |    26 ||    71
       Olgreb's Toxic Ra |       |       |       |       |    89 ||    89
       Ignite Poison     |       |       |       |       |    71 ||    71
       Starburst         |       |       |       |       |     6 ||     6
  Use: Scroll            |       |     7 |     6 |     7 |     9 ||    29
       Potion            |       |       |       |     2 |     9 ||    11
 Stab: Sleeping          |       |       |       |     1 |       ||     1
Armor: Robe              |     3 |    22 |    43 |    77 |       ||   145
       Troll leather arm |       |       |       |   134 |   542 ||   676
Dodge: Dodged            |     8 |    39 |    65 |   294 |   522 ||   928
